AoeStats
← 2607745682

Arabia

504503513Analyzed
1v1 RM · 28d ago on Sep 5, 2026· 21m 58s· 2 players
Game mode
Random Map
Map size
Tiny (2 player)
Population
200
Speed
Normal
Resources
Standard
Victory
Conquest
Starting age
Dark Age
Ending age
Imperial Age
RankedLock teamsTeams togetherTeam positionsShared explorationLock speedFull tech treeHidden civsTurbo modeCheats
Victory
Defeat
🇨🇴 Italians · Colombia
727
+14
🇨🇳 Teutons · China
691
-20
2607745682
5:51 Loom
9:44 Feudal Age
10:14 Horse Collar
10:22 Double-Bit Axe
18:19 Forging
18:54 Gold Mining
19:01 Town Watch
21:37 Castle Age
20:20 Scale Mail Armor
20:38 Scale Barding Armor
Rohirrim
11:04 Feudal Age
13:55 Double-Bit Axe
20:41 Castle Age
20:06 Bloodlines
21:57 Light Cavalry
Connection lost

Rejoining the realm…

Still unreachable

The connection could not be restored.

Session expired

The server has moved on; the page needs a fresh start.